 Dungeon Sprint DCSS version 0.20-a0-1101-g1de9d76 (webtiles) character file.

8103 Mesmaeker13 the Warrior (level 11, -1/116 HPs)
             Began as a Minotaur Fighter on May 4, 2017.
             Was a High Priest of Trog.
             Engulfed by a cloud of noxious fumes (2 damage)
             ... in the Dungeon (Sprint I: "Red Sonja").
             The game lasted 00:11:45 (3043 turns).

Mesmaeker13 the Warrior (Minotaur Fighter)          Turns: 3043, Time: 00:11:46

Health: -1/116     AC: 10    Str: 22    XL:     11   Next: 5%
Magic:  3/3        EV: 11    Int:  5    God:    Trog [*****.]
Gold:   986        SH:  0    Dex: 12    Spells: 10/10 levels left

rFire    . . .     SeeInvis .   p - +1 demon whip (antimagic)
rCold    . . .     Gourm    .   c - +0 shield
rNeg     . . .     Faith    .   b - +0 scale mail
rPois    .         Spirit   .   (helmet restricted)
rElec    .         Reflect  .   (no cloak)
rCorr    .         Harm     .   (no gloves)
MR       .....     NoTele   +   (no boots)
Stlth    ..........             (no amulet)
Regen    0.3/turn               (no ring)
MPRegen  0.1/turn               (no ring)

@: confused
A: retaliatory headbutt, horns 2
a: Berserk, Trog's Hand, Brothers in Arms, Burn Spellbooks, Renounce Religion


You were in the Dungeon.
You worshipped Trog.
Trog was extremely pleased with you.
You were hungry.

You visited 1 branch You collected 1140 gold pieces.
You spent 154 gold pieces at shops.

Inventory:

Hand Weapons
 d - a +0 blowgun
 p - a +1 antimagic demon whip (weapon)
Missiles
 n - 6 curare-tipped needles
Armour
 b - a +0 scale mail (worn)
 c - a +0 shield (worn)
Wands
 o - a wand of flame (13/48)
Scrolls
 a - a scroll of random uselessness {unknown}
 k - a scroll of blinking
 l - 2 scrolls of identify {unknown}
Potions
 e - 3 potions of curing
 f - a potion of ambrosia {unknown}
 g - a potion of heal wounds
 h - a potion of haste
 i - 2 potions of magic
 j - 2 potions of lignification
 m - 2 potions of flight {unknown}


   Skills:
 + Level 16.8 Fighting
 + Level 16.7 Maces & Flails
 - Level 16.5 Armour
 + Level 3.4 Dodging
 + Level 11.8 Shields


You had 10 spell levels left.
You didn't know any spells.

Dungeon Overview and Level Annotations

Branches:
Dungeon (1/1)

Altars:
Cheibriados
Dithmenos
Elyvilon
Fedhas
Gozag
Hepliaklqana
Kikubaaqudgha
Makhleb
Nemelex Xobeh
Okawaru
Qazlal
Ru
Sif Muna
Trog
Uskayaw
Vehumet
Wu Jian
Xom
Yredelemnul
Zin
The Shining One
Jiyva
Lugonu

Shops:
D ![

Annotations:
D exclusion: oklob plant


Innate Abilities, Weirdness & Mutations

You reflexively headbutt those who attack you in melee.
You have a pair of horns on your head.


Message History

* * * LOW HITPOINT WARNING * * *
You are engulfed in noxious fumes.
You're too confused!
You aren't carrying any food.
Unknown command.
You feel better.
You are engulfed in noxious fumes.
You choke on the stench!
You are confused.
* * * LOW HITPOINT WARNING * * *
You feel much better.
You feel less confused.
The meliai calls down the wrath of its god upon you.
Something smites you!
* * * LOW HITPOINT WARNING * * *
The meliai calls down the wrath of its god upon you.
Something smites you!
* * * LOW HITPOINT WARNING * * *
You close the door.
You are engulfed in noxious fumes.
You choke on the stench!
You are confused.
You die...

#############################
'..#__#..'.).#()#.§§.÷§§§§§.+
#..)..'..#)..##'#†####§§§..##
##'#__####...'§.#)#.###§§§##
.#(####..#####§.'.#'#$###§#
##(#≈≈§§§#§.##'####^.$#y#.#
#_(§§≈≈§§§..#.^.§.#..$###..
)._#≈≈§§§#§§#..^§^+..$$$##.#
.#'##§#####'###.@.#.....# .##
'#[#...)###P+ #§..###''##
##.. .####'###.### #§^###..##
+## ..'.....'.∩# #§.# ##.$#
..########## ##§# #[$# .###
#.# $$$$§ '#.# ### $$$$§$§$
...# $$$$$$#### ...# ##§§$###


There were no monsters in sight!

Vanquished Creatures
  A lorocyproca (D)
  2 centaur warriors (D)
  Sonja (D)
  A deep troll (D)
  A lindwurm (D)
  A gargoyle (D)
  2 kobold demonologists (D)
  4 demonic crawlers (D)
  A slime creature (D)
  A hornet (D)
  Sigmund (D)
  A yak (D)
  13 hogs (D)
  A floating eye (D)
  An ogre (D)
  A jelly (D)
  Ijyb (D)
  A ballistomycete (D)
35 creatures vanquished.

Vanquished Creatures (others)
  A gargoyle (D)
  2 ballistomycete spores (D)
3 creatures vanquished.

Grand Total: 38 creatures vanquished

Notes
Turn   | Place    | Note
-------+----------+-------------------------------------------
     0 | D        | Mesmaeker13 the Minotaur Fighter began the quest for the Orb.
     0 | D        | Reached XP level 1. HP: 19/19 MP: 0/0
     1 | D        | Noticed Ijyb
    13 | D        | Killed Ijyb
    13 | D        | Reached skill level 5 in Armour
    13 | D        | Reached skill level 5 in Shields
    13 | D        | Reached XP level 2. HP: 17/28 MP: 1/1
   128 | D        | Noticed an ogre
   131 | D        | Killed an ogre
   131 | D        | Reached skill level 5 in Maces & Flails
   131 | D        | Reached XP level 3. HP: 38/38 MP: 2/2
   131 | D        | Reached XP level 4. HP: 45/45 MP: 3/3
   228 | D        | Noticed Sigmund
   238 | D        | Killed Sigmund
   238 | D        | Reached XP level 5. HP: 51/53 MP: 4/4
   255 | D        | Found a deep blue altar of Sif Muna.
   256 | D        | Found an ornate altar of the Wu Jian Council.
   257 | D        | Found a radiant altar of Vehumet.
   261 | D        | Reached XP level 6. HP: 60/62 MP: 5/5
   283 | D        | Found Butan's Distillery.
   283 | D        | Found an ancient bone altar of Kikubaaqudgha.
   283 | D        | Found a hazy altar of Hepliaklqana.
   283 | D        | Found a stormy altar of Qazlal.
   283 | D        | Found a hide-covered altar of Uskayaw.
   283 | D        | Found a blossoming altar of Fedhas.
   283 | D        | Found a bloodstained altar of Trog.
   283 | D        | Found an iron altar of Okawaru.
   283 | D        | Found a basalt altar of Yredelemnul.
   283 | D        | Found a glowing golden altar of the Shining One.
   283 | D        | Found a snail-covered altar of Cheibriados.
   283 | D        | Found a sacrificial altar of Ru.
   283 | D        | Found a glowing silver altar of Zin.
   283 | D        | Found a shadowy altar of Dithmenos.
   283 | D        | Found a white marble altar of Elyvilon.
   283 | D        | Noticed a yak
   292 | D        | Killed a yak
   293 | D        | Found an opulent altar of Gozag.
   294 | D        | Found a sparkling altar of Nemelex Xobeh.
   299 | D        | Became a worshipper of Trog the Wrathful
   346 | D        | Found a burning altar of Makhleb.
   346 | D        | Found a viscous altar of Jiyva.
   346 | D        | Found a shimmering altar of Xom.
   346 | D        | Found a corrupted altar of Lugonu.
   346 | D        | Noticed a slime creature
   355 | D        | Killed a slime creature
   355 | D        | Reached skill level 10 in Fighting
   355 | D        | Reached skill level 10 in Armour
   355 | D        | Reached skill level 10 in Shields
   355 | D        | Reached XP level 7. HP: 16/72 MP: 6/6
   614 | D        | Noticed a centaur warrior
   620 | D        | Noticed a centaur warrior
   630 | D        | Killed a centaur warrior
   630 | D        | Reached XP level 8. HP: 72/83 MP: 7/7
   640 | D        | Killed a centaur warrior
   640 | D        | Reached * piety under Trog
   809 | D        | Noticed a hornet
   824 | D        | Noticed a deep troll
   829 | D        | Killed a deep troll
   829 | D        | Reached XP level 9. HP: 57/93 MP: 8/8
   986 | D        | Bought a potion of lignification for 33 gold pieces
  1011 | D        | Noticed a kobold demonologist
  1012 | D        | Noticed a kobold demonologist
  1016 | D        | Noticed a rust devil
  1018 | D        | Killed a kobold demonologist
  1018 | D        | Reached ** piety under Trog
  1022 | D        | Killed a kobold demonologist
  1171 | D        | Noticed a demonic crawler
  1171 | D        | Noticed a demonic crawler
  1171 | D        | Noticed a demonic crawler
  1171 | D        | Noticed a demonic crawler
  1177 | D        | Killed a demonic crawler
  1177 | D        | Reached *** piety under Trog
  1184 | D        | Killed a demonic crawler
  1191 | D        | Killed a demonic crawler
  1192 | D        | Killed a demonic crawler
  1192 | D        | Reached skill level 15 in Fighting
  1192 | D        | Reached skill level 15 in Armour
  1192 | D        | Reached XP level 10. HP: 89/105 MP: 9/9
  1221 | D        | Bought 2 potions of curing for 66 gold pieces
  1221 | D        | Bought a potion of heal wounds for 55 gold pieces
  1340 | D        | Killed a gargoyle
  1374 | D        | Reached **** piety under Trog
  1588 | D        | Noticed an oklob plant
  1598 | D        | Noticed Sonja
  1610 | D        | Killed Sonja
  1610 | D        | Reached skill level 15 in Maces & Flails
  1836 | D        | Reached ***** piety under Trog
  2194 | D        | Noticed a lindwurm
  2205 | D        | Killed a lindwurm
  2338 | D        | Noticed a gargoyle
  2355 | D        | Killed a gargoyle
  2518 | D        | Found Gitur's Armour Emporium.
  2571 | D        | Received a gift from Trog
  2614 | D        | Received a gift from Trog
  2647 | D        | Reached skill level 1 in Dodging
  2785 | D        | Killed a lorocyproca
  2785 | D        | Reached XP level 11. HP: 22/116 MP: 0/10
  3033 | D        | HP: 3/116 [meliai/divine providence (11)]
  3040 | D        | HP: 1/116 [meliai/divine providence (13)]
  3043 | D        | Engulfed by a cloud of noxious fumes

Vault maps used:
D:        dungeon_sprint_1

Skill      XL: |  1  2  3  4  5  6  7  8  9 10 |
---------------+-------------------------------+-----
Fighting       | 4 6 8 10 11 13 15 16 | 16.8
Maces & Flails | 4 5 7 8 9 11 13 14 16 | 16.7
Armour         | 5 6 8 10 11 13 15 16 | 16.5
Shields        | 5 6 8 10 11 | 11.8
Dodging        | 3 |  3.4

Action                   |  1- 3 |  4- 6 |  7- 9 | 10-12 || total
-------------------------+-------+-------+-------+-------++-------
Melee: Flail             |    13 |    29 |    40 |    40 ||   122
       Headbutt          |     3 |     9 |    12 |    27 ||    51
       Demon whip        |       |       |       |    62 ||    62
Invok: Berserk           |       |       |     2 |     1 ||     3
       Trog's Hand       |       |       |       |     2 ||     2
       Burn Spellbooks   |       |       |       |     1 ||     1
  Use: Potion            |     1 |       |     1 |     3 ||     5
  Eat: Bread ration      |       |       |     1 |     1 ||     2
       Chunk             |       |       |       |     1 ||     1
Armor: Scale mail        |     4 |     3 |    12 |    24 ||    43
Dodge: Dodged            |     3 |     3 |    19 |    12 ||    37
Block: Shield            |     3 |    10 |    33 |    33 ||    79
